 Dungeon Crawl Stone Soup version 0.28.0 (webtiles) character file.

Game seed: 9634222726837777299

21507 tizbic2 the Spear-Bearer (level 12, -1/85 (95) HPs)
             Began as a Yellow Draconian Hunter on Feb 5, 2022.
             Was an Elder of Hepliaklqana.
             Succumbed to a redback's poison
             ... on level 3 of the Lair of Beasts.
             The game lasted 01:25:43 (12307 turns).

tizbic2 the Spear-Bearer (Yellow Draconian Hunter) Turns: 12307, Time: 01:25:44

HP:   -1/85 (95)    AC: 18    Str: 17    XL:     12   Next: 54%
MP:   25/25         EV: 15    Int: 21    God:    Hepliaklqana [****..]
Gold: 619           SH: 10    Dex: 17    Spells: 16/16 levels left

rFire   . . .      SeeInvis .   q - +5 spear of Excruciating Pain {vamp, Will- Str+2 Int+4}
rCold   . . .      Faith    .   A - +0 kite shield of Kemuotih {rPois Dex+4}
rNeg    . . .      Spirit   .   (armour unavailable)
rPois   +          Reflect  .   (helmet restricted)
rElec   .          Harm     .   D - +1 cloak
rCorr   +          Rampage  .   (no gloves)
Will    .....                   (no boots)
Stlth   ++........              (no amulet)
HPRegen 0.24/turn               F - +4 ring of protection
MPRegen 0.19/turn               j - ring of Haxtaly {MP+9 AC+4 Int+2}

@: mighty, lethally poisoned (-1 -> -24), heavily drained
A: reduced essence, spit acid, AC +8, unfitting armour, cold-blooded, acid
resistance
a: Breathe Acid, Renounce Religion, Recall Ancestor, Ancestor Identity,
Transference, Idealise


You were on level 3 of the Lair of Beasts.
You worshipped Hepliaklqana.
Hepliaklqana was greatly pleased with you.
You visited 4 branches of the dungeon, and saw 13 of its levels.

You collected 619 gold pieces.

Inventory:

Hand Weapons
 o - a +2 mace of holy wrath
 p - the +5 dagger of Plog {holy, Fragile Str+10}
   (You found it on level 4 of the Dungeon)

   It has been blessed by the Shining One to cause great damage to the undead
   and demons.
   Str:       It affects your strength (+10).
   Fragile:   It will be destroyed if unequipped.
 q - the +5 spear of Excruciating Pain (weapon) {vamp, Will- Str+2 Int+4}
   (You found it on level 6 of the Dungeon)

   It occasionally heals its wielder for a portion of the damage dealt when it
   wounds a living foe.
   Str:       It affects your strength (+2).
   Int:       It affects your intelligence (+4).
   Will:      It decreases your willpower.
 v - a +2 whip of venom
 w - a +2 vorpal hand crossbow
 y - a -3 short sword of flaming
Missiles
 c - 15 bolts
 e - 4 poisoned darts (quivered)
 h - 166 stones
 k - 48 sling bullets
 H - 7 boomerangs
Armour
 r - a +1 buckler
 A - the +0 kite shield of Kemuotih (worn) {rPois Dex+4}
   (You acquired it on level 1 of the Lair of Beasts)

   Dex:       It affects your dexterity (+4).
   rPois:     It protects you from poison.
 D - a +1 cloak (worn)
Magical Staves
 n - a staff of fire
Jewellery
 a - a +6 ring of dexterity
 j - the ring of Haxtaly (right hand) {MP+9 AC+4 Int+2}
   (You found it on level 3 of the Dungeon)

   [ring of protection]

   AC:        It affects your AC (+4).
   Int:       It affects your intelligence (+2).
   MP:        It affects your magic capacity (+9).
 l - a +6 ring of intelligence
 u - a ring of wizardry
 F - a +4 ring of protection (left hand)
 G - an amulet of regeneration
Wands
 z - a wand of charming (8)
 I - a wand of polymorph (9)
Scrolls
 m - a scroll of identify
 C - 2 scrolls of amnesia
 E - 2 scrolls of magic mapping
 J - 2 scrolls of fog {unknown}
Potions
 b - a potion of lignification {unknown}
 d - 2 potions of curing {unknown}
 f - a potion of berserk rage {unknown}
 g - 2 potions of degeneration {unknown}
 i - a potion of ambrosia {unknown}
 s - 2 potions of brilliance {unknown}
 t - a potion of attraction
 x - a potion of mutation {unknown}


   Skills:
 + Level 10.2 Fighting
 * Level 11.9 Polearms
 - Level 10.4 Crossbows
 + Level 7.8 Dodging
 - Level 0.8 Stealth
 - Level 6.1 Shields
 - Level 2.6 Spellcasting


You had 16 spell levels left.
You didn't know any spells.
Your spell library contained the following spells:

 Spells                   Type           Power      Damage    Failure   Level
 Shock                    Conj/Air       8%         1d3       36%         1
 Static Discharge         Conj/Air       2%         N/A       50%         2
 Animate Dead             Necr           1%         N/A       98%         4
 Blade Hands              Tmut           1%         N/A       100%        5
 Freezing Cloud           Conj/Ice/Air   1%         6-21      100%        5
 Haunt                    Necr/Summ      1%         N/A       100%        7
 Infestation              Necr           1%         N/A       100%        8


Dungeon Overview and Level Annotations

Branches:
Dungeon (8/15)             Temple (1/1) D:4            Lair (3/6) D:8
 Spider (1/4) Lair:3
  Swamp: Lair:2-4    Shoals: Lair:2-4

Altars:
Ashenzari
Cheibriados
Dithmenos
Elyvilon
Fedhas
Hepliaklqana
Kikubaaqudgha
Makhleb
Nemelex Xobeh
Okawaru
Qazlal
Ru
Sif Muna
Trog
Uskayaw
Vehumet
Wu Jian
Xom
Yredelemnul
Zin
The Shining One

Shops:
D:1 =*::   D:2 *   D:6 *


Innate Abilities, Weirdness & Mutations

Your life essence is reduced to manifest your ancestor. (-10% HP)
You can spit globs of acid.
Your golden yellow scales are hard. (AC +8)
You cannot fit into any form of body armour.
You are cold-blooded and may be slowed by cold attacks.
You are resistant to acid. (rCorr)


Message History

Ancestor HP restored.
Tihomir casts a spell at the tarantella.
The tarantella seems to slow down.
You climb upwards.
Welcome back to the Lair of Beasts!
There is a hole to the Spider Nest here.
You feel stronger.
You feel clever.
You feel a sense of dread.
q - the +5 spear of Excruciating Pain (weapon)
{vamp, Will- Str+2 Int+4} The redback closely misses you.
You puncture the redback!
You feel better.
The redback is moderately wounded.
You hit the redback.
The redback is moderately wounded.
The redback bites you but does no damage.
The redback bites you.
You are lethally poisoned!
The redback poisons you!
You puncture the redback!
Your tail-slap misses the redback.
The redback is severely wounded.
* * * LOW HITPOINT WARNING * * *
You feel extremely sick.
You hit the redback.
The redback is severely wounded.
* * * LOW HITPOINT WARNING * * *
You feel extremely sick. The redback misses you.
You feel very mighty all of a sudden.
* * * LOW HITPOINT WARNING * * *
You feel extremely sick. The redback barely misses you.
The redback bites you but does no damage.
You hit the redback.
You feel better.
Your tail-slap misses the redback.
The redback is almost dead.
* * * LOW HITPOINT WARNING * * *
You feel very sick. The redback closely misses you.
Press: ? - help, Shift-Dir - straight line, f - redback
Aim: a redback (almost dead, 60% to hit)
You fail to use your ability.
You die...

##..# ##..>......≈≈≈.≈.^≈≈.
#..## #.........♣...≈.≈≈..≈
#...# #####.......≈≈.≈.≈.≈.
##.###########..?.[...≈.≈.≈.≈
#.###.#.#.###.....♣≈≈.≈.≈.≈.
#.##.#.#.#.###.....♣.≈.≈.≈.≈
#.#†#######^##.......≈.≈.≈.≈
#....# ##...≈...........≈≈.
#.....# #^.@.≈..............
#....#.#.#..s≈..............
###.#####.#.##≈≈#...........
##. ##.########......... #.
#.# #####..... ## ## #P##..
####.. #... ##..


You could see a redback.

Vanquished Creatures
  A hydra (Lair:3)
  A two-headed ogre (D:6)
  7 death yaks (Lair:3)
  The ghost of Eryximachus the Skirmisher, a novice VSWz of Gozag (D:7)
  A wolf spider (Spider:1)
  2 elephants (Lair:3)
  4 cane toads
  A rime drake (Lair:3)
  2 komodo dragons
  A polar bear (Lair:3)
  15 blink frogs
  Sigmund (D:2)
  4 culicivoras (Lair:3)
  7 yaks
  7 redbacks
  4 water moccasins
  2 sky beasts
  2 black bears
  An orc warrior (D:7)
  An ogre (D:4)
  A centaur (D:7)
  2 phantoms (D:6)
  A gnoll sergeant (D:6)
  9 bullfrogs
  4 scorpions (D:4)
  A crimson imp (D:5)
  A centaur zombie (D:7)
  A jelly (D:5)
  A gnoll shaman (D:6)
  2 hounds
  2 bullfrog skeletons
  2 centaur skeletons
  4 iguanas
  An orc wizard (D:7)
  A killer bee zombie (D:6)
  7 adders
  12 gnolls
  A shadow imp (D:4)
  A worm (D:2)
  3 dart slugs
  15 orcs
  6 ball pythons
  16 bats
  7 endoplasms
  4 giant cockroaches
  4 goblins
  5 hobgoblins
  2 kobolds
  2 quokkas
  3 frilled lizards
  8 rats
  A spectral goblin (D:1)
195 creatures vanquished.

Vanquished Creatures (collateral kills)
  A catoblepas (Lair:3)
  A lindwurm (Lair:3)
  An elephant (Lair:3)
  2 cane toads
  A tarantella (Spider:1)
  4 blink frogs
  2 wyverns (Lair:3)
  2 yaks
  A basilisk (Lair:1)
  5 water moccasins
  An ogre (D:6)
  2 bullfrogs (Lair:1)
  A killer bee (D:8)
  A centaur zombie (D:7)
  A gnoll (D:6)
  An orc (D:7)
  A butterfly (Lair:1)
28 creatures vanquished.

Vanquished Creatures (others)
  15 hexers
  4 ancestors (D:6)
  8 fungi
  16 plants
43 creatures vanquished.

Grand Total: 266 creatures vanquished

Notes
Turn   | Place    | Note
-------+----------+-------------------------------------------
     0 | D:1      | tizbic2 the Draconian Hunter began the quest for the Orb.
     0 | D:1      | Reached XP level 1. HP: 17/17 MP: 1/1
    72 | D:1      | Found a faded altar of an unknown god.
   172 | D:1      | Reached XP level 2. HP: 23/25 MP: 2/2
   354 | D:1      | Found Gekkoina's Assorted Antiques.
   436 | D:1      | Found Iteck's Jewellery Shop.
   443 | D:1      | Reached skill level 1 in Spellcasting
   537 | D:1      | Found Unocon's Book Emporium.
   881 | D:1      | Found Gur Qiot's Book Emporium.
   886 | D:1      | Reached XP level 3. HP: 30/30 MP: 4/4
  1094 | D:2      | Found Byeseq's Assorted Antiques.
  1390 | D:2      | Noticed Sigmund
  1395 | D:2      | Killed Sigmund
  1396 | D:2      | Reached XP level 4. HP: 37/40 MP: 5/7
  1396 | D:2      | Reached XP level 5. HP: 43/46 MP: 5/8
  1994 | D:3      | Identified the ring of Haxtaly {MP+9 AC+4 Int+2}
  2478 | D:4      | Reached skill level 5 in Crossbows
  2644 | D:4      | Found a staircase to the Ecumenical Temple.
  2697 | Temple   | Entered the Ecumenical Temple
  2934 | D:4      | Reached XP level 6. HP: 50/52 MP: 10/10
  3688 | D:4      | Your scales start taking on a golden yellow colour.
  3688 | D:4      | Reached XP level 7. HP: 35/59 MP: 11/11
  3688 | D:4      | Gained mutation: You are resistant to acid. (rCorr) [Yellow
                  | Draconian growth]
  3912 | D:4      | Found a bloodstained altar of Trog.
  3994 | D:4      | Identified the +5 dagger of Plog {holy, Fragile Str+10}
  4189 | Temple   | Became a worshipper of Hepliaklqana the Forgotten
  4236 | D:5      | Entered Level 5 of the Dungeon
  4447 | D:5      | Found a burning altar of Makhleb.
  4447 | D:5      | Found a radiant altar of Vehumet.
  4812 | D:5      | Reached * piety under Hepliaklqana
  5009 | D:6      | Reached skill level 1 in Shields
  5014 | D:6      | Reached XP level 8. HP: 59/59 MP: 12/12
  5060 | D:6      | Identified the +5 spear of Excruciating Pain {vamp, Will-
                  | Str+2 Int+4}
  5064 | D:6      | Found a shadowy altar of Dithmenos.
  5414 | D:6      | Found a basalt altar of Yredelemnul.
  5416 | D:6      | Noticed a two-headed ogre
  5517 | D:6      | Found Ytost's Lightly-Used Armoury.
  5664 | D:6      | Killed a two-headed ogre
  5665 | D:6      | Reached XP level 9. HP: 5/63 MP: 13/13
  6068 | D:6      | Found a sparkling altar of Nemelex Xobeh.
  6205 | D:6      | Reached skill level 1 in Polearms
  6552 | D:7      | Reached skill level 2 in Polearms
  6789 | D:7      | Found a runed translucent door.
  6792 | D:7      | Noticed Eryximachus's ghost (novice VSWz)
  6817 | D:7      | Reached ** piety under Hepliaklqana
  6818 | D:7      | Remembered your ancestor Tihomir as a hexer
  7070 | D:7      | Reached skill level 3 in Polearms
  7258 | D:7      | Killed Eryximachus's ghost
  7259 | D:7      | Reached skill level 5 in Fighting
  7259 | D:7      | Reached skill level 4 in Polearms
  7343 | D:8      | Noticed a fire dragon
  7343 | D:8      | Found a staircase to the Lair.
  7344 | D:8      | Noticed a two-headed ogre
  7353 | Lair:1   | Entered Level 1 of the Lair of Beasts
  7353 | Lair:1   | Noticed a cane toad
  7366 | Lair:1   | Killed a cane toad
  7367 | Lair:1   | Reached skill level 5 in Polearms
  7510 | Lair:1   | Got the Handbook of Flying Transformation
  7552 | Lair:1   | Reached XP level 10. HP: 52/74 MP: 14/14
  7823 | Lair:1   | Reached skill level 6 in Polearms
  7953 | Lair:1   | Reached skill level 10 in Crossbows
  8276 | Lair:1   | Reached skill level 7 in Polearms
  8611 | Lair:1   | Noticed a cane toad
  8615 | Lair:1   | Killed a cane toad
  8830 | Lair:1   | Noticed a cane toad
  8850 | Lair:1   | Killed a cane toad
  9171 | Lair:1   | Identified a scroll of acquirement
  9171 | Lair:1   | Acquired the +0 kite shield of Kemuotih {rPois Dex+4}
  9299 | Lair:1   | Reached XP level 11. HP: 55/82 MP: 15/15
  9832 | Lair:1   | Reached skill level 5 in Dodging
  9869 | Lair:1   | Reached skill level 8 in Polearms
 10206 | Lair:2   | Noticed a death yak
 10206 | Lair:2   | Noticed a death yak
 10207 | Lair:2   | Noticed a death yak
 10230 | Lair:2   | Reached *** piety under Hepliaklqana
 10596 | Lair:2   | Noticed a death yak
 10608 | Lair:3   | Noticed a lindwurm
 10634 | Lair:3   | Killed a lindwurm
 10684 | Lair:3   | Reached skill level 9 in Polearms
 10775 | Lair:3   | Noticed a seven-headed hydra
 10811 | Lair:3   | Killed a seven-headed hydra
 11097 | Lair:3   | Noticed a death yak
 11124 | Lair:3   | Killed a death yak
 11125 | Lair:3   | Reached skill level 10 in Polearms
 11231 | Lair:3   | Found a hole to the Spider Nest.
 11231 | Lair:3   | Noticed a death yak
 11338 | Lair:3   | Reached XP level 12. HP: 93/93 MP: 16/16
 11431 | Lair:3   | Noticed a catoblepas
 11453 | Lair:3   | Killed a catoblepas
 11570 | Lair:3   | Reached **** piety under Hepliaklqana
 11648 | Lair:3   | Noticed a death yak
 11648 | Lair:3   | Noticed a death yak
 11648 | Lair:3   | Noticed a death yak
 11648 | Lair:3   | Noticed a death yak
 11649 | Lair:3   | Noticed a death yak
 11737 | Lair:3   | Killed a death yak
 11745 | Lair:3   | Killed a death yak
 11746 | Lair:3   | Reached skill level 11 in Polearms
 11753 | Lair:3   | Killed a death yak
 11761 | Lair:3   | Killed a death yak
 11768 | Lair:3   | Killed a death yak
 11776 | Lair:3   | Killed a death yak
 12051 | Lair:3   | Reached skill level 10 in Fighting
 12204 | Spider:1 | Entered Level 1 of the Spider Nest
 12287 | Spider:1 | Noticed a jorogumo
 12306 | Lair:3   | HP: 4/85 [poisoned by a redback]
 12307 | Lair:3   | Succumbed to a redback's poison

Illustrated notes

Levels and vault maps discovered:
D:1:      tarquinn_simple_flora_water_f, layout_basic,
          dreamdust_ecumenical_altar_drowned_temple, serial_shops,
          nicolae_square_shop, shop, shop, shop, chequers_serial_rivers_micro_a
D:2:      layout_loops_ring, serial_shops, shop_statue, serial_bayou_lake_a,
          uniq_sigmund
D:3:      layout_loops_ring
D:4:      old_forge, layout_loops_ring, trog_book,
          minmay_temple_entry_gardened_gates
D:5:      layout_loops_cross, grunt_temple_overflow_lords_of_destruction,
          nicolae_underground_beach
D:6:      layout_rooms, grunt_dithmenos_shadows,
          mainiacjoe_overflow_catwalk_spiral, minmay_shop_damaged,
          hangedman_decor_growths
D:7:      layout_basic, hellmonk_ghost_happy_afterlife, kennysheep_small_circle
D:8:      layout_basic, general_overflow_altar, minmay_lair_entry_lava
Temple:   regret_index_temple_waves
Lair:1:   layout_cave_pods, eino_small_chamber_without_monster,
          columned_hall_lemuel, chequers_serial_rivers_micro_b,
          beast_lair_carwin_1, lemuel_fruit_fields
Lair:2:   dragon1_lemuel, layout_chaotic_city,
          minmay_shoals_entry_lonely_mermaid
Lair:3:   nzn_winding_woodlands_small [nzn_winding_woodlands_5x15_cabin,
          nzn_winding_woodlands_center_triple_pond,
          nzn_winding_woodlands_5x15_default], layout_hall_layers,
          nicolae_spider_entry_tight_spaces, enter_volcano_1,
          nicolae_quartered_pool_medium, chequers_serial_rivers_small_a,
          serial_bayou_shore_b
Spider:1: layout_spider_delve, uniq_azrael

Skill      XL: |  1  2  3  4  5  6  7  8  9 10 11 12 |
---------------+-------------------------------------+-----
Spellcasting   | 1 2 |  2.6
Crossbows      | 4 5 6 8 9 10 | 10.4
Fighting       | 4 6 7 9 10 | 10.2
Shields        | 1 6 |  6.1
Polearms       | 5 7 10 11 | 11.9
Dodging        | 4 6 7 |  7.8
Stealth        | |  0.8

Action                   |  1- 3 |  4- 6 |  7- 9 | 10-12 || total
-------------------------+-------+-------+-------+-------++-------
Melee: Short sword       |    12 |       |     6 |       ||    18
       Tailslap          |     4 |    12 |    12 |    76 ||   104
       Mace              |    22 |    42 |    15 |       ||    79
       Whip              |       |    48 |     4 |       ||    52
       Hand crossbow     |       |     6 |       |     2 ||     8
       Spear             |       |       |    57 |   502 ||   559
 Fire: Hand crossbow     |    45 |    39 |   107 |    99 ||   290
Throw: Dart              |       |     2 |     1 |     3 ||     6
       Throwing net      |       |       |     1 |       ||     1
Invok: Ancestor Identity |       |       |     1 |       ||     1
       Ancestor Life: He |       |       |     1 |       ||     1
       Recall Ancestor   |       |       |       |     2 ||     2
 Abil: Breathe Acid      |       |       |    15 |    22 ||    37
  Use: Scroll            |     2 |     1 |    10 |     9 ||    22
       Potion            |       |       |     2 |     4 ||     6
 Stab: Sleeping          |     1 |       |     1 |     1 ||     3
       Distracted        |       |       |       |     5 ||     5
       Confused          |       |       |       |    10 ||    10
Armor: Skin              |    12 |    56 |    48 |   154 ||   270
Dodge: Dodged            |    22 |   103 |    91 |   172 ||   388
Block: Buckler           |       |       |    36 |    29 ||    65
       Kite shield       |       |       |       |   116 ||   116
